 Dungeon Crawl Stone Soup version 0.20.0-6-gd3061e9 (webtiles) character file.

165 Monsterracer the Ruffian (level 5, -2/44 HPs)
             Began as a Naga Transmuter on May 28, 2017.
             Slain by an orc
             ... wielding a +0 hand axe
              (7 damage)
             ... on level 3 of the Dungeon.
             The game lasted 00:06:17 (3182 turns).

Monsterracer the Ruffian (Naga Transmuter)          Turns: 3182, Time: 00:06:18

Health: -2/44      AC:  2    Str: 16      XL:     5   Next: 46%
Magic:  0/8        EV: 10    Int: 12 (14) God:
Gold:   80         SH:  0    Dex: 11      Spells: 2/8 levels left

rFire    . . .     SeeInvis +     - Unarmed
rCold    . . .     Gourm    .   (no shield)
rNeg     . . .     Faith    .   b - +0 robe
rPois    +         Spirit   .   (helmet restricted)
rElec    .         Reflect  .   (no cloak)
rCorr    .         Harm     .   (no gloves)
MR       .....                  (no barding)
Stlth    +.........             (no amulet)
Regen    0.2/turn               m - +3 ring of strength
MPRegen  0.2/turn               (no ring)

@: short of breath, very slightly contaminated, very slow
A: horns 1, see invisible, deformed body, deterioration 1, high mp 1, poison
resistance, slowness 2, slow metabolism 1, spit poison 1, AC +1
a: Spit Poison


You were on level 3 of the Dungeon.
You were not hungry.

You visited 1 branch of the dungeon, and saw 3 of its levels.

You collected 80 gold pieces.

Inventory:

Missiles
 a - 22 arrows
 n - 2 javelins (quivered)
Armour
 b - a +0 robe (worn)
 j - a +0 buckler
 l - a cursed +0 leather armour
Jewellery
 m - a +3 ring of strength (left hand)
Scrolls
 e - 2 scrolls of recharging {unknown}
 f - a scroll of remove curse {unknown}
 g - a scroll of magic mapping {unknown}
 k - 6 scrolls of identify {unknown}
 p - a scroll of immolation {unknown}
 r - a scroll of teleportation {unknown}
Potions
 q - a potion of flight
Books
 c - a book of Changes

   Spells                             Type                      Level
   a - Beastly Appendage              Transmutation                1
   b - Sticks to Snakes               Transmutation                2
   c - Spider Form                    Transmutation/Poison         3
   d - Ice Form                       Ice/Transmutation            4
   e - Blade Hands                    Transmutation                5
Comestibles
 d - 4 bread rations
 h - a royal jelly
 i - 6 fruits
 o - 6 chunks of flesh


   Skills:
 - Level 1.0 Fighting
 - Level 1.5 Dodging
 * Level 5.2 Unarmed Combat
 - Level 2.0 Spellcasting
 + Level 3.3 Transmutations


You had 2 spell levels left.
You knew the following spells:

 Your Spells              Type           Power        Failure   Level  Hunger
a - Beastly Appendage     Tmut           #.....       7%          1    ##.....
b - Sticks to Snakes      Tmut           #.......     11%         2    ###....
c - Spider Form           Tmut/Pois      #.........   38%         3    ####...


Dungeon Overview and Level Annotations

Branches:
Dungeon (3/15)

Altars:
Ashenzari
Qazlal
Yredelemnul


Innate Abilities, Weirdness & Mutations

You cannot wear boots.
Your serpentine skin is tough. (AC +1)
You have supernaturally acute eyesight. (SInv)
Armour fits poorly on your strangely shaped body.
Your system is resistant to poisons. (rPois)
You cover ground very slowly.
You have a slow metabolism.
You can spit poison.
You have a pair of small horns on your head.
Your body sometimes deteriorates upon taking damage.
You have an increased reservoir of magic. (+10% MP)


Message History

a hand axe; a chain mail; a trident; an orc corpse The orc hits you with a mace.
* * * LOW HITPOINT WARNING * * *
Things that are here:
a dagger; a robe; a hobgoblin skeleton Unknown command.
The orc hits you with a mace.
* * * LOW HITPOINT WARNING * * *
The orc completely misses you.
Unknown command.
Press: ? - help, Shift-Dir - straight line, f - orc
Aim: an orc, wielding a hand axe and wearing a leather armour The splash of poison misses the orc.
You feel slightly more hungry. The orc hits you with a hand axe.
* * * LOW HITPOINT WARNING * * *
Casting: Spider Form
Confirm with . or Enter, or press ? or * to list all spells.
You miscast Spider Form.
You smell something strange.
The orc hits you with a hand axe!
You die...

#... #....#..#.### #...
#....#.....<. #...
#............ #...
#....)....... #...
##.........##
##...#########..#.####.#
#....)).o##.##....# #.#
.......#.#o#.###..#.#
#.#
######.###@.####.####
#.# .. #.........# ..#
.#. #.##.#.##.# .. #...
#.##..#.#.# # ..
#.####.## # .. #.# #..#
#.# #### ##.# ...#


You could see 2 orcs.

Vanquished Creatures
  Natasha (thrice) (D:2)
  An orc wizard (D:3)
  3 worms (D:2)
  2 dart slugs
  A leopard gecko (D:1)
  2 orcs (D:3)
  A ball python (D:2)
  A giant cockroach (D:1)
  4 goblins
  2 hobgoblins (D:3)
  7 jackals (D:2)
  2 bats (D:2)
  5 frilled lizards (D:2)
  8 kobolds
  4 rats
46 creatures vanquished.

Vanquished Creatures (collateral kills)
  An adder (D:1)
  A bat (D:1)
2 creatures vanquished.

Grand Total: 48 creatures vanquished

Notes
Turn   | Place    | Note
-------+----------+-------------------------------------------
     0 | D:1      | Monsterracer the Naga Transmuter began the quest for the Orb.
     0 | D:1      | Reached XP level 1. HP: 18/18 MP: 3/3
   578 | D:1      | Reached XP level 2. HP: 13/25 MP: 3/5
   583 | D:1      | Learned a level 2 spell: Sticks to Snakes
   733 | D:1      | Found a shattered altar of Ashenzari.
  1326 | D:1      | Reached XP level 3. HP: 30/31 MP: 6/6
  1335 | D:1      | Learned a level 3 spell: Spider Form
  1521 | D:2      | Gained mutation: You have an increased reservoir of magic. (+10% MP) [potion of mutation]
  1521 | D:2      | Gained mutation: Your body sometimes deteriorates upon taking damage. [potion of mutation]
  1521 | D:2      | Gained mutation: You have a pair of small horns on your head. [potion of mutation]
  1697 | D:2      | Reached skill level 4 in Unarmed Combat
  2002 | D:2      | Noticed Natasha
  2023 | D:2      | HP: 1/31 [Natasha/magic dart (8)]
  2024 | D:2      | Killed Natasha
  2024 | D:2      | Reached XP level 4. HP: 1/38 MP: 1/7
  2358 | D:2      | Found a basalt altar of Yredelemnul.
  2360 | D:2      | Found a stormy altar of Qazlal.
  2549 | D:2      | Noticed Natasha
  2555 | D:2      | Killed Natasha
  2812 | D:2      | Noticed Natasha
  2815 | D:2      | Killed Natasha
  2815 | D:2      | Reached skill level 5 in Unarmed Combat
  2815 | D:2      | Reached XP level 5. HP: 33/44 MP: 8/8
  3182 | D:3      | Slain by an orc

Skill      XL: |  1  2  3  4 |
---------------+-------------+-----
Unarmed Combat | 4 5 |  5.2
Transmutations | 3 |  3.3
Fighting       | |  1.0
Dodging        | |  1.5
Spellcasting   | |  2.0

Action                   |  1- 3 |  4- 6 || total
-------------------------+-------+-------++-------
Melee: Unarmed           |   105 |    38 ||   143
       Headbutt          |     9 |     6 ||    15
       Punch             |     1 |     1 ||     2
 Cast: Beastly Appendage |     9 |       ||     9
       Sticks to Snakes  |     1 |       ||     1
       Spider Form       |     4 |     2 ||     6
 Abil: Spit Poison       |     6 |     8 ||    14
  Use: Potion            |     6 |     1 ||     7
 Stab: Sleeping          |     1 |       ||     1
  Eat: Chunk             |     3 |     4 ||     7
Armor: Skin              |     1 |       ||     1
       Robe              |       |     6 ||     6
Dodge: Dodged            |    59 |    21 ||    80
